 Seeded DCSS version 0.28-a0-1206-g193881aaa2 (webtiles) character file.

Game seed: 16636740997527428351 (custom seed)

8 WhamHam the Cudgeller (level 2, 0/17 HPs)
             Began as a Gargoyle Gladiator on Dec 21, 2021.
             Slain by a kobold (4 damage)
             ... on level 1 of the Dungeon.
             The game lasted 00:01:58 (155 turns).

WhamHam the Cudgeller (Gargoyle Gladiator)           Turns: 155, Time: 00:01:58

Health: 0/17       AC:  6    Str: 17    XL:     2   Next: 8%
Magic:  2/2        EV: 12    Int:  8    God:
Gold:   18         SH:  0    Dex: 11    Spells: 1/1 levels left

rFire   . . .      SeeInvis .   a - +0 flail
rCold   . . .      Faith    .   (no shield)
rNeg    + . .      Spirit   .   b - +0 leather armour
rPois   ∞          Reflect  .   c - +0 helmet
rElec   +          Harm     .   (no cloak)
rCorr   .          Rampage  .   (no gloves)
Will    .....                   (no boots)
Stlth   +.........              (no amulet)
HPRegen 0.05/turn               (no ring)
MPRegen 0.08/turn               (no ring)

@: no status effects
A: sickness immunity, AC +2, negative energy resistance 1, electricity
resistance, torment resistance 1, petrification resistance
a: no special abilities


You were on level 1 of the Dungeon.
You visited 1 branch of the dungeon, and saw 1 of its levels.

You collected 18 gold pieces.

Inventory:

Hand Weapons
 a - a +0 flail (weapon)
 e - a +0 dagger
Missiles
 d - 3 throwing nets (quivered)
 f - 25 arrows
Armour
 b - a +0 leather armour (worn)
 c - a +0 helmet (worn)
Potions
 g - a potion of ambrosia {unknown}


   Skills:
 + Level 2.2 Fighting
 + Level 3.3 Maces & Flails
 + Level 1.8 Throwing
 + Level 2.6 Dodging


You had one spell level left.
You didn't know any spells.
Your spell library was empty.

Dungeon Overview and Level Annotations

Branches:
Dungeon (1/15)

Altars:


Innate Abilities, Weirdness & Mutations

You are immune to sickness and miasma.
Your stone body is resilient. (AC +2)
You are immune to poison.
You resist negative energy. (rN+)
You are resistant to electric shocks. (rElec)
You are resistant to unholy torment.
You are immune to petrification.


Message History

The hobgoblin barely misses you.
You sock the hobgoblin!
You kill the hobgoblin!
The hobgoblin misses you. The hobgoblin hits you.
You hit the hobgoblin.
You kill the hobgoblin!
You have reached level 2!
Unknown command.
A hobgoblin comes into view.
The hobgoblin shouts!
Found 16 bolts.
A kobold comes into view. It is wielding a +3 short sword.
You see here 16 bolts.
A goblin comes into view. It is wielding a +0 club.
The goblin shouts!
You hit the hobgoblin.
The hobgoblin is moderately wounded.
The hobgoblin hits you but does no damage.
You closely miss the hobgoblin.
The hobgoblin is moderately wounded.
The hobgoblin hits you.
* * * LOW HITPOINT WARNING * * *
You hit the hobgoblin.
You kill the hobgoblin!
A giant cockroach comes into view.
You closely miss the kobold. The goblin hits you but does no damage.
The kobold hits you with a +3 short sword.
* * * LOW HITPOINT WARNING * * *
The goblin barely misses you. The kobold hits you but does no damage.
The goblin hits you with a +0 club.
* * * LOW HITPOINT WARNING * * *
The kobold completely misses you. The kobold barely misses you.
The goblin hits you but does no damage. The kobold barely misses you.
The kobold barely misses you. The goblin hits you but does no damage.
The kobold hits you with a +3 short sword.
You die...

####### #....<#
###'### +.....+
####..#..####
#....###....#
#.....#.....#
#.#.8.#.8.#.#
#.#.@K....#.#
#.###g..###.#
#...........#
######...#####
#....##.## ####
#####.##....#
...#
##...g.##.####
##.####..######.#
##......## #.#


You could see a goblin and a kobold.

Vanquished Creatures
  A ball python (D:1)
  A bat (D:1)
  An endoplasm (D:1)
  3 hobgoblins (D:1)
6 creatures vanquished.

Notes
Turn   | Place    | Note
-------+----------+-------------------------------------------
     0 | D:1      | WhamHam the Gargoyle Gladiator began the quest for the Orb.
     0 | D:1      | Reached XP level 1. HP: 12/12 MP: 1/1
    73 | D:1      | Reached XP level 2. HP: 5/17 MP: 2/2
   155 | D:1      | Slain by a kobold

Illustrated notes

Levels and vault maps discovered:
D:1:      dpeg_arrival_court, layout_rooms, chequers_ecumenical_altar_simple,
          minmay_tromino_v7

Action                   || total
-------------------------++-------
Melee: Flail             ||    23
Armor: Leather armour    ||    14
Dodge: Dodged            ||    28

Table legend: (Time is in decaauts)
 A = Elapsed time spent in this place.
 B = Non-inter-level travel time spent in this place.
 C = Inter-level travel time spent in this place.
 D = Time resting spent in this place.
 E = Time spent auto-exploring this place.
 F = Levels seen in this place.
 G = Mean time per level.
                   A        B        C        D        E       F      G
               +--------+--------+--------+--------+--------+-----+--------+
         Total |    160 |    117 |     43 |      0 |      0 |   1 |  160.0 |
       Dungeon |    160 |    117 |     43 |      0 |      0 |   1 |  160.0 |
               +--------+--------+--------+--------+--------+-----+--------+

Top non-repeatable levels by time:
     D:1: 160 daAuts
